 Dungeon Crawl Stone Soup version 0.25.0-1-g7eea58d2a3 (webtiles) character file.

Game seed: 5580220668927487817

614 uleum the Chopper (level 7, 0/63 HPs)
             Began as a Deep Dwarf Fighter on June 13, 2020.
             Was a Believer of Makhleb.
             Slain by Pikel
             ... wielding a +0 whip of electrocution
              (3 damage)
             ... while paralysed by Grinder
             ... on level 3 of the Dungeon.
             The game lasted 00:10:49 (4457 turns).

uleum the Chopper (Deep Dwarf Fighter)              Turns: 4457, Time: 00:10:50

Health: 0/63       AC: 13    Str: 22    XL:     7   Next: 20%
Magic:  7/7        EV:  2    Int:  8    God:    Makhleb [**....]
Gold:   184        SH:  0    Dex: 12    Spells: 6/6 levels left

rFire    . . .     SeeInvis .   n - +0 hand axe (freeze)
rCold    . . .     Gourm    .   c - +0 kite shield
rNeg     . . .     Faith    .   y - +0 chain mail
rPois    .         Spirit   .   o - +0 helmet
rElec    .         Reflect  .   p - +0 cloak
rCorr    .         Harm     .   i - +0 pair of gloves
MR       +....                  (no boots)
Stlth    ..........             s - amulet of magic regeneration
HPRegen  0.00/turn              (no ring)
MPRegen  0.35/turn              (no ring)

@: paralysed, non-regenerating
A: damage resistance, heal wounds, sense surroundings 1, no regeneration
a: Heal Wounds, Minor Destruction, Renounce Religion


You were on level 3 of the Dungeon.
You worshipped Makhleb.
Makhleb was pleased with you.
You were not hungry.

You visited 1 branch of the dungeon, and saw 4 of its levels.
You also visited: Ossuary.

You collected 184 gold pieces.

Inventory:

Hand Weapons
 a - a +0 war axe
 n - a +0 hand axe of freezing (weapon)
Armour
 b - a +0 scale mail
 c - a +0 kite shield (worn)
 i - a +0 pair of gloves (worn)
 o - a +0 helmet (worn)
 p - a +0 cloak (worn)
 y - a +0 chain mail (worn)
Jewellery
 s - an amulet of magic regeneration (around neck)
Wands
 x - a wand of digging (5)
Scrolls
 k - 3 scrolls of remove curse {unknown}
 l - 2 scrolls of enchant armour {unknown}
 q - 3 scrolls of teleportation
 v - a scroll of fog {unknown}
 w - a scroll of blinking {unknown}
 A - 2 scrolls of noise {unknown}
Potions
 d - a potion of might
 e - 4 potions of brilliance
 g - 3 potions of magic
 h - a potion of flight {unknown}
 j - 2 potions of curing
 r - 2 potions of haste {unknown}
 t - a potion of heal wounds {unknown}
 u - a potion of lignification {unknown}
 z - a potion of resistance {unknown}
Comestibles
 f - 6 rations
 m - 7 chunks of flesh


   Skills:
 + Level 3.8 Fighting
 + Level 5.9 Axes
 + Level 4.7 Armour
 + Level 0.5 Stealth
 + Level 5.3 Shields


You had 6 spell levels left.
You didn't know any spells.
Your spell library was empty.

Dungeon Overview and Level Annotations

Branches:
Dungeon (4/15)             Temple (0/1) D:4         Ossuary (visited)

Altars:
Makhleb
Okawaru

Annotations:
D:2 1 runed translucent door, exclusion: 2 downstairs, Crazy Yiuf
D:3 Grinder, Pikel


Innate Abilities, Weirdness & Mutations

You are resistant to damage.
You can heal yourself by infusing magical energy.
You passively map a small area around you.
You do not regenerate.


Message History

Grinder blinks!
You block Pikel's attack.
You hit Pikel but do no damage.
Pikel is moderately wounded.
Pikel hits you with a +0 whip of electrocution.
You hit Pikel but do no damage.
Pikel is moderately wounded.
Pikel says, "You'll feel the lick of my whip!"
You block Pikel's attack.
You hit Pikel but do no damage.
Pikel is moderately wounded.
Pikel barely misses you. Grinder gestures at you.
You suddenly lose the ability to move!
Pikel hits you but does no damage.
You are electrocuted!!
* * * LOW HITPOINT WARNING * * *
Pikel hits you with a +0 whip of electrocution.
* * * LOW HITPOINT WARNING * * *
Grinder hits you.
Pikel hits you with a +0 whip of electrocution.
You die...

#.##### ##.### #. #.....### #...#
#. #####...# ####.#.# #.
########.## #.o..#)# #.
#.........# #.####o# #. ######
#.........# ##.# #.##### .....#
#.........####..####......
(..<.######......................
............##.#@####.#####......
.....#########.#5K....# #......
###.## #.....#.## #...... #..####
##.......# #...... ##....#
###.....## *...... ####>#
###....# #..... ##### #.#
##...#..# #...... #...###.###
###..###..####...... ##...##...#
#...## #....##......


You could see Pikel (strong) and Grinder.

Vanquished Creatures
  4 centaur zombies (Ossuary)
  2 human zombies (Ossuary)
  A quasit (D:2)
  2 orc wizards (D:4)
  Terence (D:2)
  A big kobold zombie (Ossuary)
  2 hound zombies (Ossuary)
  A hound skeleton (D:4)
  4 mummies
  6 adders
  2 oozes (D:3)
  An adder skeleton (D:4)
  5 adder zombies (Ossuary)
  3 worms (D:3)
  A dart slug (D:1)
  3 leopard geckos
  6 orcs
  2 ball pythons (D:1)
  3 giant cockroaches
  A gnoll zombie (Ossuary)
  7 goblins
  9 hobgoblins
  6 jackals (D:3)
  3 quokkas
  12 bats
  3 frilled lizards
  2 goblin zombies (Ossuary)
  3 hobgoblin zombies
  6 kobolds
  4 kobold zombies
  2 orc zombies (Ossuary)
  A quokka skeleton (D:4)
  3 quokka zombies (Ossuary)
  8 rats
  6 rat zombies (Ossuary)
126 creatures vanquished.

Notes
Turn   | Place    | Note
-------+----------+-------------------------------------------
     0 | D:1      | uleum the Deep Dwarf Fighter began the quest for the Orb.
     0 | D:1      | Reached XP level 1. HP: 20/20 MP: 1/1
   121 | D:1      | Reached XP level 2. HP: 27/27 MP: 2/2
   719 | D:1      | Reached XP level 3. HP: 24/33 MP: 3/3
   858 | D:2      | Found an iron altar of Okawaru.
  1306 | D:2      | Reached XP level 4. HP: 28/42 MP: 4/4
  1320 | D:2      | Found a runed translucent door.
  1321 | D:2      | Noticed Crazy Yiuf
  1658 | D:2      | Found a burning altar of Makhleb.
  1788 | D:2      | Became a worshipper of Makhleb the Destroyer
  2161 | D:3      | Noticed Terence
  2416 | D:3      | Noticed Grinder
  2559 | D:3      | Reached XP level 5. HP: 45/49 MP: 5/5
  2601 | D:3      | Paralysed by Grinder for 4 turns
  2651 | D:2      | Killed Terence
  3091 | D:3      | Reached skill level 5 in Shields
  3553 | D:4      | Found a sand-covered staircase.
  3565 | D:4      | Reached * piety under Makhleb
  3623 | D:4      | Found a staircase to the Ecumenical Temple.
  3670 | Ossuary  | Entered an ossuary
  3826 | Ossuary  | Reached XP level 6. HP: 45/56 MP: 6/6
  3911 | Ossuary  | Reached skill level 5 in Axes
  4025 | Ossuary  | Reached ** piety under Makhleb
  4132 | Ossuary  | Reached XP level 7. HP: 24/62 MP: 7/7
  4418 | D:4      | Noticed Pikel
  4454 | D:3      | Paralysed by Grinder for 6 turns
  4456 | D:3      | HP: 3/63 [Pikel/+0 whip of electrocution (3)]
  4457 | D:3      | Slain by Pikel

Illustrated notes

Levels and vault maps discovered:
D:1:      eino_arrival_water_star, layout_basic, chequers_serial_rivers_marsh,
          lemuel_another_geyser
D:2:      layout_loops_ring, nicolae_overflow_crystal_walls,
          overflow_temple_1_default, nrook_campfire, kennysheep_path_1,
          minmay_pentomino_q2, uniq_crazy_yiuf_cottage
D:3:      layout_rooms, uniq_terence, uniq_grinder
D:4:      layout_loops_corners, minmay_temple_entry_overgrown,
          nicolae_ossuary_entry_giza, serial_glass, glass_columns_a,
          glass_columns_c, first_ration, patterned_corridor, uniq_pikel,
          uniq_eustachio

Skill      XL: |  1  2  3  4  5  6 |
---------------+-------------------+-----
Fighting       | 3 |  3.8
Shields        | 4 5 |  5.3
Axes           | 3 4 5 |  5.9
Armour         | 4 |  4.7
Stealth        | |  0.5

Action                   |  1- 3 |  4- 6 |  7- 9 || total
-------------------------+-------+-------+-------++-------
Melee: War axe           |    81 |   159 |    15 ||   255
       Hand axe          |    41 |   219 |    19 ||   279
 Abil: Heal Wounds       |       |     1 |       ||     1
  Use: Scroll            |       |       |     4 ||     4
  Eat: Chunk             |     2 |     8 |       ||    10
       Ration            |       |       |     1 ||     1
Armor: Scale mail        |    53 |   148 |       ||   201
       Chain mail        |       |    79 |    10 ||    89
Dodge: Dodged            |    34 |   114 |     7 ||   155
Block: Kite shield       |    71 |   205 |    14 ||   290
